 Dungeon Crawl Stone Soup version 0.28-a0-895-g6e5f11bd55 (webtiles) character file.

Game seed: 11751197776343465319

379 Twinkles the Skirmisher (level 7, -6/55 HPs)
             Began as a Human Berserker on Nov 22, 2021.
             Was a Believer of Trog.
             Mangled by a mummy (14 damage)
             ... in an ossuary.
             The game lasted 00:15:23 (3151 turns).

Twinkles the Skirmisher (Human Berserker)           Turns: 3151, Time: 00:15:23

Health: -6/55      AC:  7    Str: 19    XL:     7   Next: 4%
Magic:  7/7        EV: 12    Int:  8    God:    Trog [**....]
Gold:   144        SH:  4    Dex: 12    Spells: 6/6 levels left

rFire   . . .      SeeInvis .   d - +2 short sword (drain)
rCold   + . .      Faith    .   g - +0 buckler
rNeg    . . .      Spirit   .   k - +2 ring mail {rC+}
rPois   .          Reflect  .   (no helmet)
rElec   .          Harm     .   (no cloak)
rCorr   .          Rampage  .   (no gloves)
Will    ++...                   (no boots)
Stlth   +.........              (no amulet)
HPRegen 1.18/turn               (no ring)
MPRegen 0.10/turn               (no ring)

@: strong-willed, regenerating
A: no striking features
a: Renounce Religion, Berserk, Trog's Hand


You were in an ossuary.
You worshipped Trog.
Trog was pleased with you.
You visited 1 branch of the dungeon, and saw 4 of its levels.
You also visited: Ossuary.

You collected 144 gold pieces.

Inventory:

Hand Weapons
 a - a +0 hand axe
 d - a +2 short sword of draining (weapon)
 r - a +1 dagger of electrocution
Missiles
 f - 11 poisoned darts
 i - 6 javelins
 n - 2 throwing nets
 s - 87 stones (quivered)
Armour
 b - a +0 animal skin
 g - a +0 buckler (worn)
 k - a +2 ring mail of cold resistance (worn)
Jewellery
 p - a ring of see invisible
Scrolls
 h - a scroll of silence {unknown}
 j - 2 scrolls of identify {unknown}
 l - a scroll of teleportation {unknown}
 m - a scroll of amnesia {unknown}
Potions
 c - 2 potions of curing {unknown}
 e - a potion of ambrosia {unknown}
 o - a potion of resistance {unknown}
 q - 2 potions of flight {unknown}


   Skills:
 + Level 4.7 Fighting
 - Level 3.4 Axes
 - Level 2.6 Armour
 + Level 4.1 Dodging
 + Level 2.9 Shields


You had 6 spell levels left.
You didn't know any spells.
Your spell library was empty.

Dungeon Overview and Level Annotations

Branches:
Dungeon (4/15)            Ossuary (1/1)
 Temple: D:4-7

Altars:
Zin


Message History

You hit the mummy.
The mummy is moderately damaged.
The mummy closely misses you.
You hit the mummy but do no damage.
The mummy is moderately damaged.
You block the mummy's attack. The mummy hits you!
You barely miss the mummy.
The mummy is moderately damaged.
The mummy hits you!
You completely miss the mummy. The mummy barely misses you.
You block the mummy's attack. The mummy hits you.
Your skin crawls.
You feel strong-willed.
You recover from your berserk rage.
You block the mummy's attack. The mummy barely misses you.
You puncture the mummy!
The mummy is severely damaged.
The mummy hits you!
You completely miss the mummy.
The mummy is severely damaged.
The mummy hits you but does no damage. The mummy hits you.
You block the mummy's attack.
You barely miss the mummy.
The mummy is severely damaged.
The mummy closely misses you.
You barely miss the mummy.
The mummy is severely damaged.
The mummy hits you.
* * * LOW HITPOINT WARNING * * *
The mummy hits you!
* * * LOW HITPOINT WARNING * * *
You barely miss the mummy.
The mummy is severely damaged.
The mummy completely misses you. The mummy hits you but does no damage.
You block the mummy's attack.
You hit the mummy.
You destroy the mummy!
Trog accepts your kill. The mummy hits you but does no damage.
The mummy hits you!
You die...

#######
#.#.#.#
#.....#
#...#
#.∩.#
#...#
#@M.#
#.M.#
##+##


You could see 2 mummies.

Vanquished Creatures
  A black bear (D:4)
  An orc priest (D:4)
  A hound (D:4)
  2 orc wizards (D:4)
  A hound skeleton (D:4)
  A mummy (Ossuary)
  4 gnolls
  2 adders
  A howler monkey skeleton (D:3)
  A worm (D:2)
  A dart slug (D:1)
  2 orcs (D:4)
  9 ball pythons
  7 bats
  9 endoplasms
  4 giant cockroaches
  6 goblins
  4 hobgoblins
  6 jackals (D:1)
  6 quokkas
  4 frilled lizards
  6 kobolds
  5 rats
84 creatures vanquished.

Notes
Turn   | Place    | Note
-------+----------+-------------------------------------------
     0 | D:1      | Twinkles the Human Berserker began the quest for the Orb.
     0 | D:1      | Reached XP level 1. HP: 18/18 MP: 1/1
   101 | D:1      | HP: 8/27 [ball python (2)]
   359 | D:1      | Reached XP level 2. HP: 22/24 MP: 2/2
   557 | D:1      | Reached XP level 3. HP: 28/29 MP: 3/3
  1171 | D:1      | Reached ** piety under Trog
  1317 | D:2      | Reached XP level 4. HP: 35/35 MP: 4/4
  1318 | D:2      | Found a glowing silver altar of Zin.
  1484 | D:2      | You fall into a shaft and drop 1 floor!
  2142 | D:2      | Reached skill level 1 in Shields
  2143 | D:2      | Reached XP level 5. HP: 38/42 MP: 5/5
  2233 | D:2      | Found a faded altar of an unknown god.
  3017 | D:4      | Reached XP level 6. HP: 48/48 MP: 6/6
  3075 | D:4      | Noticed a black bear
  3096 | D:4      | Found a sand-covered staircase.
  3104 | D:4      | Killed a black bear
  3124 | D:4      | Reached XP level 7. HP: 55/55 MP: 7/7
  3130 | Ossuary  | Entered an ossuary
  3148 | Ossuary  | HP: 16/55 [mummy (4)]
  3148 | Ossuary  | HP: 4/55 [mummy (12)]
  3151 | Ossuary  | Mangled by a mummy

Illustrated notes

Levels and vault maps discovered:
D:1:      erik_arrival_triangle_huge, layout_basic
D:2:      layout_rooms, hellmonk_ecumenical_altar_run_dry, basic_altar,
          dk_noncrumbling_4
D:3:      layout_basic, lemuel_old_faithful
D:4:      layout_rooms, enter_ossuary_1, minivault_23
Ossuary:  ossuary_minmay_chase

Skill      XL: |  1  2  3  4  5  6 |
---------------+-------------------+-----
Dodging        | 3 4 |  4.1
Shields        | 1 2 |  2.9
Fighting       | 4 |  4.7
Axes           | |  3.4
Armour         | |  2.6

Action                   |  1- 3 |  4- 6 |  7- 9 || total
-------------------------+-------+-------+-------++-------
Melee: Hand axe          |    25 |       |       ||    25
       Short sword       |    64 |   123 |    12 ||   199
Invok: Berserk           |     2 |     1 |       ||     3
       Trog's Hand       |       |     2 |     1 ||     3
 Stab: Sleeping          |     1 |       |       ||     1
       Distracted        |       |     1 |       ||     1
Armor: Animal skin       |    25 |     2 |       ||    27
       Ring mail         |       |    37 |     3 ||    40
Dodge: Dodged            |    54 |    50 |     7 ||   111
Block: Buckler           |       |    20 |     5 ||    25

Table legend: (Time is in decaauts)
 A = Elapsed time spent in this place.
 B = Non-inter-level travel time spent in this place.
 C = Inter-level travel time spent in this place.
 D = Time resting spent in this place.
 E = Time spent auto-exploring this place.
 F = Levels seen in this place.
 G = Mean time per level.
                   A        B        C        D        E       F      G
               +--------+--------+--------+--------+--------+-----+--------+
         Total |   3212 |   2993 |    219 |    272 |   1940 |   5 |  642.4 |
       Dungeon |   3188 |   2969 |    219 |    272 |   1940 |   4 |  797.0 |
       Ossuary |     24 |     24 |      0 |      0 |      0 |   1 |   24.0 |
               +--------+--------+--------+--------+--------+-----+--------+

Top non-repeatable levels by time:
     D:1: 1357 daAuts
     D:3: 945 daAuts
     D:2: 703 daAuts
     D:4: 181 daAuts
 Ossuary: 24 daAuts
